 Dungeon Sprint DCSS version 0.24.0-41-g2ae2f7f1be (webtiles) character file.

Game seed: 9774537602068778243, levelgen mode: deterministic

16811 Groucho the Naga Aeon (level 12, -8/126 HPs)
             Began as a Naga Fighter on Dec 16, 2019.
             Was the Champion of Cheibriados.
             Mangled by a frost giant
             ... wielding a +0 battleaxe of freezing
              (29 damage)
             ... in the Dungeon (Sprint IX: "|||||||||||||||||||||||||||||").
             The game lasted 00:09:25 (3754 turns).

Groucho the Naga Aeon (Naga Fighter)                Turns: 3754, Time: 00:09:25

Health: -8/126     AC: 26    Str: 33    XL:     12   Next: 41%
Magic:  13/22      EV: 13    Int: 25    God:    Cheibriados [******]
Gold:   1306       SH: 16    Dex: 30    Spells: 11/11 levels left

rFire    . . .     SeeInvis +   s - +3 war axe (flame)
rCold    . . .     Gourm    .   c - +0 shield
rNeg     . . .     Faith    .   G - +2 plate armour
rPois    +         Spirit   .   x - +1 helmet
rElec    .         Reflect  .   E - +1 cloak
rCorr    .         Harm     .   q - +1 pair of gloves
MR       +....     NoTele   +   (no barding)
Stlth    ..........             (no amulet)
HPRegen  0.31/turn              b - +2 ring of protection
MPRegen  0.18/turn              r - +2 ring of evasion

@: very slow
A: large, see invisible, deformed body, poison resistance, slowness 2, slow
metabolism 1, spit poison 1, AC +4
a: Spit Poison, Bend Time, Temporal Distortion, Slouch, Step From Time, Renounce
Religion


You were in the Dungeon.
You worshipped Cheibriados.
Cheibriados was exalted by your worship.
You were not hungry.

You visited 1 branch You collected 1919 gold pieces.
You spent 613 gold pieces at shops.

Inventory:

Hand Weapons
 s - a +3 war axe of flaming (weapon)
 y - a +3 morningstar of flaming
 A - a +1 eveningstar of crushing
Missiles
 B - 7 silver javelins (quivered)
Armour
 c - a +0 shield (worn)
 q - a +1 pair of gloves (worn)
 x - a +1 helmet (worn)
 E - a +1 cloak (worn)
 G - a +2 plate armour (worn)
Jewellery
 b - a +2 ring of protection (left hand)
 r - a +2 ring of evasion (right hand)
 t - an uncursed ring of ice
 C - an uncursed amulet of faith
 D - an uncursed ring of protection from fire
Wands
 o - a wand of acid (8)
Scrolls
 a - a scroll of magic mapping
 k - 2 scrolls of blinking
 m - 5 scrolls of remove curse
 n - 3 scrolls of amnesia
 u - a scroll of identify
 v - 4 scrolls of enchant weapon
 w - 6 scrolls of enchant armour
 F - a scroll of fog
Potions
 d - a potion of might
 e - a potion of invisibility
 g - 12 potions of heal wounds
 h - a potion of haste
 i - 4 potions of magic
 j - 2 potions of berserk rage
 l - 4 potions of curing
 p - a potion of agility
Comestibles
 f - 9 rations


   Skills:
 + Level 13.5 Fighting
 + Level 13.3 Axes
 * Level 12.3 Armour
 * Level 6.1 Dodging
 * Level 12.3 Shields
 - Level 14.0 Invocations


You had 11 spell levels left.
You didn't know any spells.
Your spell library was empty.

Dungeon Overview and Level Annotations

Branches:
Dungeon (1/1)

Altars:
Cheibriados
Dithmenos
Elyvilon
Fedhas
Gozag
Hepliaklqana
Kikubaaqudgha
Makhleb
Nemelex Xobeh
Okawaru
Qazlal
Ru
Sif Muna
Trog
Uskayaw
Vehumet
Wu Jian
Xom
Yredelemnul
Zin
The Shining One
Beogh
Jiyva
Lugonu

Shops:
D [*[(


Innate Abilities, Weirdness & Mutations

You cannot wear boots.
Your serpentine skin is tough. (AC +4)
You have supernaturally acute eyesight. (SInv)
Armour fits poorly on your strangely shaped body.
Your system is resistant to poisons. (rPois)
You cover ground very slowly.
You have a slow metabolism.
You can spit poison.


Message History

The necromancer mumbles some strange words.
The necromancer flickers and vanishes for a moment.
The frost giant hits you with a +0 battleaxe of freezing!!
The frost giant freezes you.
You see here 3 large rocks.
You hit the frost giant. You burn the frost giant.
The frost giant is heavily wounded.
You block the frost giant's attack.
You slash the frost giant! You burn the frost giant.
The frost giant is severely wounded.
You hit the frost giant but do no damage.
The frost giant is severely wounded.
The frost giant hits you with a +0 battleaxe of freezing!
* * * LOW HITPOINT WARNING * * *
The frost giant freezes you.
* * * LOW HITPOINT WARNING * * *
You slash the frost giant! You burn the frost giant.
The frost giant is severely wounded.
The frost giant hits you with a +0 battleaxe of freezing!!
You die...

▓▓▓▓▓▓▓▓▓▓▓▓▓▓▓▓▓▓▓▓▓▓▓▓
[[[....!.....((.@C.p)...
▓▓▓▓▓▓▓▓▓▓▓▓▓▓▓▓▓▓▓▓▓▓▓▓▓▓▓▓▓▓▓▓▓
....[............................
▓▓▓▓▓▓▓▓▓▓▓▓▓▓▓▓▓▓▓▓▓▓▓▓▓▓▓▓▓▓▓▓▓
)))[)))....))))))∩.∩)∩.∩.....'...
▓▓▓▓▓▓▓▓▓▓▓▓▓▓▓▓▓▓▓▓▓▓▓▓▓▓▓▓▓▓▓▓▓
.................................
▓▓▓▓▓▓▓▓▓▓▓▓▓▓▓▓▓▓▓▓▓▓▓▓▓▓▓▓▓▓▓▓▓
..†.........÷........)..['....[[.


You could see a frost giant and a necromancer (invisible).

Vanquished Creatures
  A stone giant (D)
  An ogre mage (D)
  5 two-headed ogres (D)
  Urug (D)
  An unseen horror (D)
  3 orc knights (D)
  3 ugly things (D)
  2 cyclopes (D)
  A manticore (D)
  Psyche (D)
  2 spiny frogs (D)
  A kobold demonologist (D)
  2 komodo dragons (D)
  An efreet (D)
  A yaktaur (D)
  A slime creature (D)
  8 polar bears (D)
  A shadow (D)
  A yak (D)
  A wyvern (D)
  A hungry ghost (D)
  2 porcupines (D)
  3 water moccasins (D)
  8 orc warriors (D)
  A sky beast (D)
  A black bear (D)
  A wolf (D)
  7 ogres (D)
  2 crocodiles (D)
  A centaur (D)
  3 bullfrogs (D)
  2 orc priests (D)
  A jelly (D)
  4 orc wizards (D)
  An iguana (D)
  A hell rat (D)
  A worker ant (D)
  2 adders (D)
  A shadow imp (D)
  An adder zombie (D)
  A worm (D)
  7 orcs (D)
  2 bats (D)
  A bat zombie (D)
  A ball python zombie (D)
  A kobold (D)
  2 rats (D)
97 creatures vanquished.

Vanquished Creatures (others)
  An orc wizard (D)
1 creature vanquished.

Grand Total: 98 creatures vanquished

Notes
Turn   | Place    | Note
-------+----------+-------------------------------------------
     0 | D        | Groucho the Naga Fighter began the quest for the Orb.
     0 | D        | Reached XP level 1. HP: 21/21 MP: 1/1
    42 | D        | Noticed a sky beast
    50 | D        | Killed a sky beast
    50 | D        | Reached skill level 5 in Fighting
    50 | D        | Reached XP level 2. HP: 19/32 MP: 2/2
    50 | D        | Reached XP level 3. HP: 23/39 MP: 3/3
    50 | D        | Reached XP level 4. HP: 28/46 MP: 4/4
    68 | D        | Reached skill level 5 in Axes
    68 | D        | Reached XP level 5. HP: 27/54 MP: 5/5
   418 | D        | Found a roughly hewn altar of Beogh.
   418 | D        | Found a snail-covered altar of Cheibriados.
   418 | D        | Found a shadowy altar of Dithmenos.
   418 | D        | Found a white marble altar of Elyvilon.
   418 | D        | Found a blossoming altar of Fedhas.
   418 | D        | Found an opulent altar of Gozag.
   419 | D        | Found a hazy altar of Hepliaklqana.
   420 | D        | Found a viscous altar of Jiyva.
   421 | D        | Found an ancient bone altar of Kikubaaqudgha.
   422 | D        | Became a worshipper of Cheibriados the Contemplative
   423 | D        | Found a corrupted altar of Lugonu.
   424 | D        | Found a burning altar of Makhleb.
   425 | D        | Found a sparkling altar of Nemelex Xobeh.
   426 | D        | Found an iron altar of Okawaru.
   427 | D        | Found a stormy altar of Qazlal.
   428 | D        | Found a sacrificial altar of Ru.
   429 | D        | Found a shimmering blue altar of Sif Muna.
   430 | D        | Found a bloodstained altar of Trog.
   431 | D        | Found a hide-covered altar of Uskayaw.
   432 | D        | Found a radiant altar of Vehumet.
   433 | D        | Found an ornate altar of the Wu Jian Council.
   434 | D        | Found a shimmering altar of Xom.
   435 | D        | Found a basalt altar of Yredelemnul.
   436 | D        | Found a glowing silver altar of Zin.
   437 | D        | Found a glowing golden altar of the Shining One.
   494 | D        | Noticed an unseen horror
   494 | D        | Noticed a centaur
   502 | D        | Reached skill level 1 in Invocations
   504 | D        | Reached * piety under Cheibriados
   506 | D        | Reached skill level 5 in Armour
   506 | D        | Reached skill level 5 in Shields
   506 | D        | Reached skill level 2 in Invocations
   514 | D        | Killed an unseen horror
   514 | D        | Reached ** piety under Cheibriados
   514 | D        | Reached skill level 6 in Invocations
   514 | D        | Reached XP level 6. HP: 42/67 MP: 6/10
   514 | D        | Reached XP level 7. HP: 47/74 MP: 6/11
   521 | D        | Reached *** piety under Cheibriados
   832 | D        | Noticed a hungry ghost
   832 | D        | Noticed an efreet
   832 | D        | Noticed a manticore
   840 | D        | Killed a hungry ghost
   840 | D        | Reached XP level 8. HP: 82/82 MP: 11/13
   845 | D        | Reached **** piety under Cheibriados
   845 | D        | Reached skill level 7 in Invocations
   856 | D        | Killed an efreet
   857 | D        | Killed a manticore
   863 | D        | Reached ***** piety under Cheibriados
  1197 | D        | Noticed a spiny frog
  1197 | D        | Noticed a spiny frog
  1201 | D        | Reached skill level 8 in Invocations
  1202 | D        | Noticed a komodo dragon
  1205 | D        | Killed a spiny frog
  1205 | D        | Reached XP level 9. HP: 80/93 MP: 13/15
  1209 | D        | Reached ****** piety under Cheibriados
  1214 | D        | Killed a spiny frog
  1214 | D        | Reached skill level 10 in Fighting
  1214 | D        | Reached skill level 9 in Invocations
  1217 | D        | Reached skill level 10 in Axes
  1222 | D        | Killed a komodo dragon
  1588 | D        | Noticed a komodo dragon
  1599 | D        | Reached skill level 10 in Invocations
  1604 | D        | Killed a komodo dragon
  1604 | D        | Reached XP level 10. HP: 94/103 MP: 17/17
  1648 | D        | Reached skill level 11 in Invocations
  1675 | D        | Reached skill level 10 in Armour
  1675 | D        | Reached skill level 10 in Shields
  2017 | D        | Noticed a stone giant
  2027 | D        | Killed a stone giant
  2027 | D        | Reached XP level 11. HP: 88/114 MP: 2/19
  2077 | D        | Noticed an orc knight
  2077 | D        | Noticed an orc knight
  2080 | D        | Noticed an orc knight
  2088 | D        | Reached skill level 12 in Invocations
  2089 | D        | Killed an orc knight
  2089 | D        | Killed an orc knight
  2091 | D        | Killed an orc knight
  2573 | D        | Found Elott's Antique Armour Emporium.
  2573 | D        | Noticed a two-headed ogre
  2573 | D        | Noticed a two-headed ogre
  2573 | D        | Noticed an ogre mage
  2577 | D        | Killed a two-headed ogre
  2577 | D        | Reached skill level 1 in Dodging
  2580 | D        | Killed a two-headed ogre
  2582 | D        | Killed an ogre mage
  2582 | D        | Reached skill level 13 in Invocations
  2584 | D        | Found Ateadw Tuima's General Store.
  2587 | D        | Found Laotomm's Armour Emporium.
  2592 | D        | Noticed a two-headed ogre
  2600 | D        | Killed a two-headed ogre
  2601 | D        | Found Venew's Weapon Shoppe.
  2601 | D        | Noticed a two-headed ogre
  2603 | D        | Noticed a two-headed ogre
  2606 | D        | Killed a two-headed ogre
  2608 | D        | Killed a two-headed ogre
  2608 | D        | Reached XP level 12. HP: 27/126 MP: 11/22
  3109 | D        | Bought a pair of runed gloves for 210 gold pieces
  3124 | D        | Bought a +1 helmet for 161 gold pieces
  3137 | D        | Bought a +3 morningstar of flaming for 242 gold pieces
  3282 | D        | Noticed Urug
  3303 | D        | Killed Urug
  3576 | D        | Noticed Psyche
  3583 | D        | Killed Psyche
  3724 | D        | Reached skill level 5 in Dodging
  3732 | D        | Noticed a frost giant
  3733 | D        | Reached skill level 14 in Invocations
  3754 | D        | Mangled by a frost giant

Levels and vault maps discovered:
D:        linesprint [early_d, line_temple, items_1, d_10, items_2, lair_1,
          lair_end, items_3, orc_1, orc_end, items_4, d_15, swamp_1, shoals_1,
          snake_1, spider_1, d_20, vaults_1, items_5, swamp_end, shoals_end,
          snake_end, spider_end, vaults_end, d_27, items_6, zot_1, zot_end,
          crypt_end, forest_end, elf_end, slime_end, tomb_end, abyss_end,
          pan_hell_end]

Skill      XL: |  1  2  3  4  5  6  7  8  9 10 11 12 |
---------------+-------------------------------------+-----
Fighting       | 5 8 9 10 12 13 | 13.5
Axes           | 4 5 7 8 9 10 11 13 | 13.3
Armour         | 4 6 7 8 9 10 11 12 | 12.3
Shields        | 4 6 7 8 9 10 11 12 | 12.3
Invocations    | 6 8 10 11 13 14 | 14.0
Dodging        | 4 6 |  6.1

Action                   |  1- 3 |  4- 6 |  7- 9 | 10-12 || total
-------------------------+-------+-------+-------+-------++-------
Melee: War axe           |    34 |    35 |    75 |   161 ||   305
Invok: Slouch            |       |       |     1 |    13 ||    14
 Abil: Spit Poison       |       |     2 |       |       ||     2
Evoke: Wand              |       |       |       |     2 ||     2
  Use: Potion            |       |     2 |       |       ||     2
  Eat: Chunk             |       |       |     2 |       ||     2
       Ration            |       |       |       |     2 ||     2
Armor: Scale mail        |    34 |     7 |       |       ||    41
       Chain mail        |       |     6 |    16 |    39 ||    61
       Plate armour      |       |       |       |    13 ||    13
Dodge: Dodged            |    11 |    11 |    20 |    50 ||    92
Block: Shield            |    19 |    14 |    33 |   119 ||   185
